 Dungeon Crawl Stone Soup version 0.24.0-13-gcf9b3192b9 (console) character file.

Game seed: 6861879754123451369, levelgen mode: deterministic

13001 AlterAsc the Severer (level 12, 36/112 HPs)
             Began as a Hill Orc Fighter on Nov 6, 2019.
             Was a Believer of Uskayaw.
             Quit the game on level 1 of the Lair of Beasts.
             The game lasted 00:40:19 (11937 turns).

AlterAsc the Severer (Hill Orc Fighter)            Turns: 11937, Time: 00:40:19

Health: 36/112     AC: 20    Str: 24    XL:     12   Next: 1%
Magic:  16/16      EV:  5    Int: 11    God:    Uskayaw [**....]
Gold:   370        SH: 10    Dex: 10    Spells: 11/11 levels left

rFire    x . .     SeeInvis +   a - +0 war axe
rCold    + . .     Gourm    .   c - +0 shield
rNeg     . . .     Faith    .   S - +0 plate armour
rPois    +         Spirit   .   x - +0 helmet (curse)
rElec    +         Reflect  .   u - +2 cloak
rCorr    .         Harm     .   g - +2 pair of gloves
MR       .....                  (no boots)
Stlth    ..........             (no amulet)
HPRegen  0.28/turn              X - ring of see invisible
MPRegen  0.15/turn              B - ring of the Archfiend {Ice rElec rPois Int+3}

@: mildly poisoned (36 -> 33)
A: no striking features
a: Stomp, Line Pass, Renounce Religion


You were on level 1 of the Lair of Beasts.
You worshipped Uskayaw.
Uskayaw was noncommittal.
You were not hungry.

You visited 3 branches of the dungeon, and saw 14 of its levels.

You collected 617 gold pieces.
You spent 247 gold pieces at shops.

Inventory:

Hand Weapons
 a - a +0 war axe (weapon)
 s - a +2 antimagic dagger
 G - the +8 whip of Hepliaklqana's Pride {protect, rPois rF- rC- Stlth+}
   (You found it on level 6 of the Dungeon)

   It grants its wielder temporary protection when it strikes (+7 to AC).
   It makes you vulnerable to fire.
   It makes you vulnerable to cold.
   It protects you from poison.
   It makes you more stealthy.
Missiles
 o - 39 poisoned darts (quivered)
 C - 3 atropa-tipped darts
Armour
 b - a +0 scale mail
 c - a +0 shield (worn)
 g - a +2 pair of gloves (worn)
 h - a +1 scale mail of cold resistance
 t - a +2 robe of fire resistance
 u - a +2 cloak (worn)
 x - a cursed +0 helmet (worn)
 y - a +3 leather armour
 S - a +0 plate armour (worn)
 U - a +1 helmet of intelligence
Jewellery
 z - an uncursed ring of flight
 B - the ring of the Archfiend (right hand) {Ice rElec rPois Int+3}
   (You found it on level 5 of the Dungeon)

   [ring of ice]

   It enhances your ice magic.
   It affects your intelligence (+3).
   It makes you vulnerable to fire.
   It protects you from cold.
   It insulates you from electricity.
   It protects you from poison.
 E - an uncursed ring of ice
 V - an uncursed ring of fire
 X - a ring of see invisible (left hand)
Wands
 n - a wand of random effects (21)
 L - a wand of flame (30)
 O - a wand of digging (6)
 Q - a wand of enslavement (16)
Scrolls
 l - a scroll of fear
 m - a scroll of teleportation
 v - a scroll of immolation {unknown}
 w - 4 scrolls of remove curse
 D - a scroll of enchant weapon {unknown}
 H - 2 scrolls of amnesia {unknown}
 I - 2 scrolls of magic mapping {unknown}
 J - 3 scrolls of enchant armour
 K - 7 scrolls of identify
 P - a scroll of acquirement {unknown}
 R - a scroll of noise {unknown}
 Y - a scroll of blinking {unknown}
Potions
 d - 2 potions of might
 e - 4 potions of flight {unknown}
 i - 3 potions of resistance
 j - 6 potions of lignification
 k - 5 potions of curing
 p - a potion of experience {unknown}
 q - 3 potions of mutation {unknown}
 r - 3 potions of haste {unknown}
 A - 3 potions of degeneration {unknown}
 M - 2 potions of agility {unknown}
 N - 2 potions of brilliance {unknown}
 T - a potion of magic {unknown}
Comestibles
 f - 15 rations


   Skills:
 + Level 11.8 Fighting
 - Level 16.0 Axes
 + Level 6.2 Armour
 + Level 6.3 Shields
 - Level 6.0 Invocations
 * Level 5.4 Evocations


You had 11 spell levels left.
You didn't know any spells.
Your spell library contained the following spells:

 Spells                   Type           Power        Failure   Level  Hunger
 Summon Small Mammal      Summ           #...         100%        1    ##.....
 Call Imp                 Summ           #.......     100%        2    ###....
 Call Canine Familiar     Summ           #.......     100%        3    ####...
 Summon Guardian Golem    Hex/Summ       #.......     100%        3    ####...
 Summon Ice Beast         Ice/Summ       #.......     100%        4    #####..
 Summon Lightning Spire   Summ/Air       #.......     100%        4    #####..
 Irradiate                Conj/Tmut      #.........   100%        5    ######.
 Hydra Form               Tmut           #.........   100%        6    #######
 Statue Form              Tmut/Erth      #........    100%        6    #######
 Dragon Form              Tmut           #.........   100%        7    #######


Dungeon Overview and Level Annotations

Branches:
Dungeon (11/15)            Temple (1/1) D:4            Lair (2/6) D:9
    Orc (0/2) D:9
  Swamp: Lair:2-4    Shoals: Lair:2-4     Snake: Lair:2-4    Spider: Lair:2-4

Altars:
Ashenzari
Cheibriados
Dithmenos
Elyvilon
Fedhas
Gozag
Hepliaklqana
Kikubaaqudgha
Makhleb
Nemelex Xobeh
Okawaru
Qazlal
Ru
Sif Muna
Trog
Uskayaw
Vehumet
Wu Jian
Xom
Yredelemnul
Zin
The Shining One

Shops:
D:5 !   D:10 *


Message History

The water moccasin is severely wounded.
The water moccasin bites you.
You hit the water moccasin.
The water moccasin is almost dead.
The water moccasin bites you.
You are poisoned.
The water moccasin poisons you!
You completely miss the water moccasin.
The water moccasin is almost dead.
You feel sick. The water moccasin barely misses you.
You hit the water moccasin but do no damage.
The water moccasin is almost dead.
You feel sick. The water moccasin bites you.
Okay, then.
Welcome back, AlterAsc the Hill Orc Fighter.
Uskayaw says: Surrender yourself to the rhythm!
Press ? for a list of commands and other information.
Quiver which item? (- for none, * to show all) (? for menu, Esc to quit)
Okay, then.
Are you sure you want to abandon this character and quit the game? (Confirm with "yes".)

#.....#....##..#...##
#.....#...##....#...##
####.#....########...#
#...#....##...#.#...#####
#.....................+.#
#..⌠.....⌠..>..⌠.....⌠..#
####........l..†.........+.#
#.#P..##...#S#...###...###.##
##.....#...#@##..###...# #.#.
##...........#...#....####...
#.......##...####....##.##.##
###........##....⌠.....#......#
#...........##.......##....##..
####............##.[.##......####
#.##..............#.##.....#..# #
#..#.....................###### #
...........>....#....####.# #


You could see a komodo dragon and a water moccasin.

Vanquished Creatures
  A two-headed ogre (D:9)
  Nergalle (Lair:1)
  Pikel (D:6)
  A manticore (D:11)
  2 ugly things (D:11)
  A black mamba (Lair:2)
  6 spiny frogs (Lair:1)
  A rime drake (Lair:2)
  A komodo dragon (Lair:1)
  2 trolls (D:11)
  Grinder (D:5)
  A hornet (D:9)
  A hippogriff (D:9)
  3 blink frogs (Lair:1)
  Eustachio (D:4)
  2 wyverns
  3 hungry ghosts
  Edmund (D:6)
  3 porcupines (Lair:1)
  3 ice beasts
  3 orc warriors
  2 slaves (D:6)
  4 black bears
  A necrophage (D:10)
  3 phantoms
  An eye of draining (D:11)
  6 ogres
  3 centaurs
  A crocodile (D:9)
  Blork the orc (D:5)
  8 bullfrogs
  A gnoll sergeant (D:11)
  A troll zombie (D:9)
  5 scorpions
  3 howler monkeys (D:11)
  5 wights (D:9)
  7 crimson imps
  A bullfrog zombie (D:9)
  2 hounds
  3 jellies
  3 bullfrog skeletons
  4 orc priests
  10 orc wizards
  Jessica (D:3)
  Terence (D:2)
  4 iguanas
  3 worker ants
  5 ogre zombies (D:9)
  A worker ant zombie (D:7)
  Robin (D:4)
  7 gnolls
  6 adders
  A howler monkey skeleton (D:6)
  4 shadow imps
  2 oozes
  An adder skeleton (D:10)
  4 worms (D:2)
  3 dart slugs
  6 leopard geckos
  26 orcs
  5 giant cockroaches
  10 goblins
  13 hobgoblins
  12 jackals
  6 quokkas
  A ball python (D:4)
  7 bats
  7 frilled lizards
  A goblin zombie (D:9)
  2 hobgoblin zombies (D:9)
  A jackal zombie (D:8)
  3 kobolds
  2 leopard gecko skeletons
  3 orc skeletons (D:9)
  13 orc zombies (D:9)
  A quokka zombie (D:5)
  7 rats
284 creatures vanquished.

Vanquished Creatures (others)
  A bush (Lair:2)
  A fungus (Lair:1)
  A plant (Lair:2)
3 creatures vanquished.

Grand Total: 287 creatures vanquished

Notes
Turn   | Place    | Note
-------+----------+-------------------------------------------
     0 | D:1      | AlterAsc the Hill Orc Fighter began the quest for the Orb.
     0 | D:1      | Reached XP level 1. HP: 19/19 MP: 1/1
    72 | D:1      | Reached skill level 3 in Axes
    76 | D:1      | Reached XP level 2. HP: 18/27 MP: 2/2
   624 | D:1      | Reached skill level 4 in Axes
   624 | D:1      | Reached XP level 3. HP: 33/33 MP: 3/3
   881 | D:2      | Reached XP level 4. HP: 28/41 MP: 4/4
   997 | D:2      | Reached skill level 5 in Axes
  1556 | D:2      | Noticed Terence
  1565 | D:2      | Killed Terence
  1633 | D:2      | Reached XP level 5. HP: 44/47 MP: 5/5
  2180 | D:3      | Reached skill level 5 in Fighting
  2180 | D:3      | Reached skill level 6 in Axes
  2253 | D:3      | Noticed Jessica
  2266 | D:3      | Killed Jessica
  2286 | D:3      | Found a snail-covered altar of Cheibriados.
  2552 | D:4      | Found a staircase to the Ecumenical Temple.
  2570 | Temple   | Entered the Ecumenical Temple
  2746 | D:4      | Reached XP level 6. HP: 45/56 MP: 6/6
  2947 | D:4      | Reached skill level 7 in Axes
  3148 | D:4      | Noticed Eustachio
  3174 | D:4      | Killed Eustachio
  3174 | D:4      | Reached skill level 8 in Axes
  3174 | D:4      | Reached XP level 7. HP: 26/63 MP: 7/7
  3637 | D:4      | Reached skill level 9 in Axes
  3754 | D:4      | Noticed Robin
  3762 | D:4      | Killed Robin
  4117 | D:5      | Entered Level 5 of the Dungeon
  4137 | D:5      | Reached XP level 8. HP: 67/73 MP: 8/8
  4145 | D:5      | Found Facvey's Distillery.
  4149 | D:5      | Bought a potion of curing for 39 gold pieces
  4166 | D:5      | Reached skill level 10 in Axes
  4230 | D:5      | Got a slimy bone ring
  4231 | D:5      | Identified the ring of the Archfiend {Ice rElec rPois
                  | Int+3} (You found it on level 5 of the Dungeon)
  4465 | D:5      | Reached skill level 11 in Axes
  4762 | D:5      | Noticed Grinder
  4773 | D:5      | Killed Grinder
  4883 | D:6      | Noticed Blork the orc
  4898 | D:5      | Killed Blork the orc
  4898 | D:5      | Reached XP level 9. HP: 81/82 MP: 9/9
  4936 | D:5      | Bought 2 potions of heal wounds for 130 gold pieces
  4949 | D:6      | Reached skill level 12 in Axes
  4995 | D:6      | Found a hide-covered altar of Uskayaw.
  5013 | D:6      | Became a worshipper of Uskayaw the Reveler
  5065 | D:6      | Reached * piety under Uskayaw
  5353 | D:6      | Got an ebony whip
  5354 | D:6      | Identified the +8 whip of Hepliaklqana's Pride {protect,
                  | rPois rF- rC- Stlth+} (You found it on level 6 of the
                  | Dungeon)
  5391 | D:6      | Found a blossoming altar of Fedhas.
  5440 | D:6      | Reached ** piety under Uskayaw
  5480 | D:6      | Noticed Pikel
  5494 | D:6      | Killed Pikel
  5516 | D:6      | Found an opulent altar of Gozag.
  5648 | D:6      | Reached skill level 13 in Axes
  5695 | D:6      | Noticed Edmund
  5706 | D:6      | Killed Edmund
  5833 | D:7      | Reached *** piety under Uskayaw
  6256 | D:7      | Reached XP level 10. HP: 70/93 MP: 13/13
  6296 | D:7      | Found an ornate altar of the Wu Jian Council.
  6345 | D:7      | Found a burning altar of Makhleb.
  6734 | D:8      | Reached skill level 10 in Fighting
  6734 | D:8      | Reached skill level 5 in Invocations
  6813 | D:8      | Found a glowing golden altar of the Shining One.
  7188 | D:9      | Reached skill level 14 in Axes
  7247 | D:9      | Noticed a two-headed ogre
  7260 | D:9      | Killed a two-headed ogre
  7270 | D:9      | Found a staircase to the Orcish Mines.
  7273 | D:9      | Reached **** piety under Uskayaw
  7281 | D:9      | Reached ***** piety under Uskayaw
  7505 | D:9      | Found an iron altar of Okawaru.
  7688 | D:9      | Reached skill level 1 in Evocations
  8293 | D:9      | Reached skill level 15 in Axes
  8460 | D:9      | Found a staircase to the Lair.
  8488 | D:10     | Entered Level 10 of the Dungeon
  8524 | D:10     | You fall into a shaft and drop 1 floor!
  8564 | D:11     | Noticed a cyan ugly thing
  8579 | D:11     | Killed a cyan ugly thing
  8601 | D:11     | Reached XP level 11. HP: 70/101 MP: 2/15
  9041 | D:11     | Noticed a purple ugly thing
  9051 | D:11     | Killed a purple ugly thing
  9052 | D:11     | Noticed a manticore
  9075 | D:11     | Killed a manticore
 10085 | D:10     | Reached skill level 5 in Armour
 10085 | D:10     | Reached skill level 5 in Shields
 10153 | D:10     | Found Xajaah's General Store.
 10156 | D:10     | Bought 3 scrolls of identify for 78 gold pieces
 10350 | Lair:1   | Entered Level 1 of the Lair of Beasts
 10733 | Lair:1   | Reached skill level 16 in Axes
 10840 | Lair:1   | Noticed Nergalle
 10865 | Lair:1   | Killed Nergalle
 11496 | Lair:2   | Reached skill level 5 in Evocations
 11515 | Lair:1   | HP: 5/104 [poisoned by a spiny frog]
 11886 | Lair:1   | Reached XP level 12. HP: 69/111 MP: 11/16
 11937 | Lair:1   | Quit the game

Levels and vault maps discovered:
D:1:      dpeg_arrival_boxes_within_box, layout_loops_ring
D:2:      layout_loops_ring, uniq_terence
D:3:      layout_loops_corners, kennysheep_slug_shrine, uniq_jessica
D:4:      minmay_angry_zag, layout_basic, minmay_temple_entry_wispy,
          uniq_eustachio, uniq_robin
D:5:      layout_loops_ring, serial_shops, shop, first_ration,
          minmay_lizard_king, uniq_grinder
D:6:      layout_loops_corners, lemuel_doored_altar, basic_altar,
          fedhas_altar_2, uniq_blork_the_orc, uniq_edmund, uniq_pikel
D:7:      layout_gridville, kennysheep_mini, lightli_temple_of_fire
D:8:      layout_gridville, lemuel_coloured_pillars_altar
D:9:      layout_loops_ring, nicolae_overflow_crystal_walls, lair_entry_dummy,
          zombieorc1_lemuel
D:10:     layout_roguey, serial_shops, kennysheep_mini_moat
D:11:     layout_irregular_city
Temple:   eino_temple_scatter_basement
Lair:1:   layout_cave_shapes, beast_lair_carwin_3, lemuel_fruit_tree,
          grunt_megastairs_5, infiniplex_staircase_pool_2, uniq_nergalle
Lair:2:   minmay_guarded_unrand_snakebite, layout_misc_corridors,
          minmay_snake_entry_guardpost_small

Skill      XL: |  1  2  3  4  5  6  7  8  9 10 11 |
---------------+----------------------------------+-----
Axes           | 3 4 5 6 8 9 11 13 15 16 | 16.0
Fighting       | 4 5 6 7 8 9 10 11 | 11.8
Invocations    | 4 6 |  6.0
Evocations     | 2 5 |  5.4
Armour         | 4 6 |  6.2
Shields        | 4 6 |  6.3

Action                   |  1- 3 |  4- 6 |  7- 9 | 10-12 || total
-------------------------+-------+-------+-------+-------++-------
Melee: War axe           |   106 |   149 |   316 |   513 ||  1084
Throw: Dart              |       |     6 |    10 |       ||    16
Invok: Stomp             |       |       |     3 |     6 ||     9
       Line Pass         |       |       |     2 |    23 ||    25
  Use: Scroll            |       |     6 |       |     3 ||     9
       Potion            |       |       |       |     4 ||     4
 Stab: Paralysed         |       |       |     6 |    21 ||    27
       Confused          |       |       |     1 |     6 ||     7
  Eat: Chunk             |       |     7 |    12 |    20 ||    39
       Ration            |       |       |       |     4 ||     4
Armor: Scale mail        |    53 |    75 |   128 |   111 ||   367
       Plate armour      |       |       |       |   101 ||   101
Dodge: Dodged            |    33 |    57 |    81 |   118 ||   289
Block: Shield            |    47 |    74 |   138 |   197 ||   456
